 Dungeon Crawl Stone Soup version 0.28-a0-100-g47d82705ae (webtiles) character file.

Game seed: 14167416262467069208

47 Nattfarinn the Magician (level 3, -4/25 HPs)
             Began as a Djinni Venom Mage on Aug 10, 2021.
             Slain by a worm (11 damage)
             ... on level 2 of the Dungeon.
             The game lasted 00:03:36 (3441 turns).

Nattfarinn the Magician (Djinni Venom Mage)         Turns: 3441, Time: 00:03:37

Health: -4/25      AC:  2    Str:  7    XL:     3   Next: 97%
Gold:   62         EV: 12    Int: 17    God:
                   SH:  0    Dex: 13

rFire   + + .      SeeInvis .   (no weapon)
rCold   x . .      Faith    .   (no shield)
rNeg    . . .      Spirit   .   a - +0 robe
rPois   ∞          Reflect  .   (no helmet)
rElec   .          Harm     .   (no cloak)
rCorr   .          Rampage  .   (no gloves)
Will    .....                   (boots unavailable)
Stlth   ++........              (no amulet)
HPRegen 0.08/turn               (no ring)
MPRegen 0.00/turn               (no ring)

@: flying
A: sickness immunity, fire resistance 2, cold vulnerability 1, float, innate
caster, hp casting, extra vitality 1
a: no special abilities


You were on level 2 of the Dungeon.
You visited 1 branch of the dungeon, and saw 2 of its levels.

You collected 62 gold pieces.

Inventory:

Armour
 a - a +0 robe (worn)
Scrolls
 b - a scroll of blinking
 c - a scroll of identify {unknown}
Potions
 d - a potion of curing {unknown}
 e - a potion of haste {unknown}
 f - a potion of lignification {unknown}
 g - a potion of magic {unknown}


   Skills:
 - Level 2.1 Dodging
 - Level 1.5 Stealth
 + Level 3.5 Spellcasting


You couldn't memorise any spells.
You knew the following spells:

 Your Spells              Type           Power      Damage    Failure   Level
a - Sting                 Tmut/Pois      60%        1d6       3%          1
b - Poisonous Vapours     Pois/Air       30%        N/A       6%          2
c - Mephitic Cloud        Conj/Pois/Air  15%        N/A       12%         3
d - Olgreb's Toxic Radia  Pois           15%        N/A       36%         4
e - Animate Skeleton      Necr           30%        N/A       3%          1
Your spell library was empty.

Dungeon Overview and Level Annotations

Branches:
Dungeon (2/15)

Altars:


Innate Abilities, Weirdness & Mutations

You are immune to sickness and miasma.
You are immune to poison.
Your flesh is very heat resistant. (rF++)
You are vulnerable to cold. (rC-)
You float through the air rather than walking.
You learn spells naturally, not from books.
Your magical power is your life essence.
You have superior vitality. (+4 HP)


Message History

Aiming: Poisonous Vapours (safe; 6% risk of failure)
Press: ? - help, Dir - move target, f/p - worm
Aim: a worm (extremely poisoned) Poisonous vapours surround the worm!
The worm looks as sick as possible!
* * * LOW HITPOINT WARNING * * *
You fly upwards.
There is a stone staircase leading down here.
You start resting.
HP restored.
You fly downwards.
The worm barely misses you.
There is a stone staircase leading up here.
Casting: Poisonous Vapours (safe; 6% risk of failure)
Confirm with . or Enter, or press ? or * to list all spells.
Aiming: Poisonous Vapours (safe; 6% risk of failure)
Press: ? - help, Dir - move target, f - worm
Aim: a worm Poisonous vapours surround the worm!
The worm is poisoned.
The worm closely misses you.
Casting: Poisonous Vapours (safe; 6% risk of failure)
Confirm with . or Enter, or press ? or * to list all spells.
Aiming: Poisonous Vapours (safe; 6% risk of failure)
Press: ? - help, Dir - move target, f/p - worm
Aim: a worm (poisoned) Poisonous vapours surround the worm!
The worm looks even sicker.
Casting: Poisonous Vapours (safe; 6% risk of failure)
Confirm with . or Enter, or press ? or * to list all spells.
Aiming: Poisonous Vapours (safe; 6% risk of failure)
Press: ? - help, Dir - move target, f/p - worm
Aim: a worm (lightly wounded, very poisoned) Poisonous vapours surround the worm!
The worm looks even sicker.
The worm bites you!
Casting: Poisonous Vapours (safe; 6% risk of failure)
Confirm with . or Enter, or press ? or * to list all spells.
Aiming: Poisonous Vapours (safe; 6% risk of failure)
Press: ? - help, Dir - move target, f/p - worm
Aim: a worm (lightly wounded, very poisoned) Poisonous vapours surround the worm!
The worm looks as sick as possible!
* * * LOW HITPOINT WARNING * * *
The worm bites you!
You die...

#......#.###
#........?.#
#....).....#
#..........####
#.............#
#.......=..##
#####.......#.#
###.#.w.......
#....@#.#.#.##
#.##..#.#.# #
#. #..#.# # #
#..#.# #..#.#
...# .... .....


You could see a worm (extremely poisoned).

Vanquished Creatures
  2 dart slugs (D:1)
  3 ball pythons (D:1)
  3 bats (D:1)
  2 endoplasms (D:1)
  2 giant cockroaches (D:1)
  4 goblins
  4 hobgoblins
  11 jackals (D:1)
  2 kobolds (D:1)
  A rat (D:1)
34 creatures vanquished.

Vanquished Creatures (others)
  25 plants (D:1)
25 creatures vanquished.

Grand Total: 59 creatures vanquished

Notes
Turn   | Place    | Note
-------+----------+-------------------------------------------
     0 | D:1      | Nattfarinn the Djinni Venom Mage began the quest for the
                  | Orb.
     0 | D:1      | Reached XP level 1. HP: 15/15 MP: 0/0
    32 | D:1      | Reached XP level 2. HP: 10/21 MP: 0/0
   586 | D:1      | Reached skill level 3 in Spellcasting
   777 | D:1      | Reached XP level 3. HP: 3/25 MP: 0/0
   777 | D:1      | Learned a level 1 spell: Animate Skeleton
  1485 | D:1      | Found a faded altar of an unknown god.
  3441 | D:2      | Slain by a worm

Illustrated notes

Levels and vault maps discovered:
D:1:      roderic_crop_circles_arrival_large, layout_rooms,
          serial_co_window_serial, co_window_paths_a, co_window_paths_a,
          co_window_cross_1, co_window_paths_b, co_window_paths_a,
          co_window_corner_b, co_window_2corner, co_window_2corner,
          co_window_paths_c, co_window_2corner, co_window_paths_d,
          co_window_paths_e, glass_columns_a, glass_columns_a, glass_columns_c,
          hellmonk_ecumenical_altar_lost_god
D:2:      layout_basic, basic_altar, uniq_crazy_yiuf_cottage

Skill      XL: |  1  2 |
---------------+-------+-----
Spellcasting   | 3 |  3.5
Dodging        | |  2.1
Stealth        | |  1.5

Action                   || total
-------------------------++-------
Melee: Unarmed           ||    10
 Cast: Sting             ||    22
       Poisonous Vapours ||    62
  Use: Scroll            ||     1
Armor: Robe              ||    11
Dodge: Dodged            ||    22

Table legend: (Time is in decaauts)
 A = Elapsed time spent in this place.
 B = Non-inter-level travel time spent in this place.
 C = Inter-level travel time spent in this place.
 D = Time resting spent in this place.
 E = Time spent auto-exploring this place.
 F = Levels seen in this place.
 G = Mean time per level.
                   A        B        C        D        E       F      G
               +--------+--------+--------+--------+--------+-----+--------+
         Total |   3441 |   3433 |      8 |   1151 |   2051 |   2 | 1720.5 |
       Dungeon |   3441 |   3433 |      8 |   1151 |   2051 |   2 | 1720.5 |
               +--------+--------+--------+--------+--------+-----+--------+

Top non-repeatable levels by time:
     D:1: 3411 daAuts
     D:2: 30 daAuts
